 Dungeon Crawl Stone Soup version 0.30.0-19-g36f170ea60 (webtiles) character file.

Game seed: 1964940827833589682

51 Graphine the Covered (level 3, -2/33 HPs)
             Began as an Armataur Fighter on May 28, 2023.
             Slain by a gnoll
             ... wielding a +0 club
              (3 damage)
             ... on level 2 of the Dungeon.
             The game lasted 00:04:02 (1174 turns).

Graphine the Covered (Armataur Fighter)             Turns: 1174, Time: 00:04:02

Health: -2/33      AC:  8    Str: 23    XL:     3   Next: 58%
Magic:  3/3        EV:  7    Int: 14    God:
Gold:   58         SH:  4    Dex:  9    Spells: 2/2 levels left

rFire   . . .        a - +0 flail (freeze)
rCold   . . .        c - +0 buckler
rNeg    . . .        b - +0 scale mail
rPois   .            (no helmet)
rElec   .            m - +0 cloak
rCorr   .            (no gloves)
SInv    .            (no barding)
Will    .....        (no amulet) Stlth
                     i - ring of flight
HPRegen 0.25/turn    l - +6 ring of intelligence
MPRegen 0.08/turn

%: roll
@: flying
A: large, rugged brown scales 3, deformed body, armoured tail, roll, long
tongue, awkward tongue
a: no special abilities


You were on level 2 of the Dungeon.
You visited 1 branch of the dungeon, and saw 2 of its levels.

You collected 58 gold pieces.

Inventory:

Hand Weapons
 a - a +0 flail of freezing (weapon)
Missiles
 g - 5 curare-tipped darts (quivered)
Armour
 b - a +0 scale mail (worn)
 c - a +0 buckler (worn)
 m - a +0 cloak (worn)
Jewellery
 i - a ring of flight (left hand)
 l - a +6 ring of intelligence (right hand)
Potions
 d - a potion of might
 e - 2 potions of lignification {unknown}
 h - a potion of berserk rage {unknown}
 j - a potion of heal wounds {unknown}


   Skills:
 + Level 3.0 Fighting
 + Level 2.1 Maces & Flails
 * Level 4.3 Armour
 * Level 4.0 Shields


You had 2 spell levels left.
You didn't know any spells.
Your spell library contained the following spells:

 Spells                   Type           Power      Damage    Failure   Level
 Beastly Appendage        Tmut           0%         N/A       65%         1
 Sandblast                Erth           0%         2d4       65%         1
 Passwall                 Tmut/Erth      0%         N/A       78%         2
 Stone Arrow              Conj/Erth      0%         3d7       95%         3
 Iron Shot                Conj/Erth      0%         9d1       100%        6


Dungeon Overview and Level Annotations

Branches:
Dungeon (2/15)

Altars:
Yredelemnul


Innate Abilities, Weirdness & Mutations

You are completely covered in rugged brown scales. (AC +3, +7% HP)
Armour fits poorly on your strangely shaped body.
You have a long armoured tail.
You roll when moving toward enemies. (Rampage)
Your long tongue fully drains potion bottles. (2x potion effects)
Your tongue gives you trouble enunciating. (1.5x scroll delay)


Message History

The gnoll is moderately wounded.
You block the gnoll's attack. The gnoll hits you but does no damage.
You hit the gnoll but do no damage.
The gnoll is moderately wounded.
The gnoll hits you from afar with a +0 halberd.
The gnoll barely misses you.
You closely miss the gnoll.
The gnoll is moderately wounded.
The gnoll hits you from afar with a +0 halberd!
The gnoll hits you with a +0 club. You block the gnoll's attack.
The gnoll hits you but does no damage.
You hit the gnoll. You freeze the gnoll. You tail-slap the gnoll.
You kill the gnoll!
The gnoll barely misses you.
You roll towards the gnoll!
You barely miss the gnoll. The gnoll barely misses you.
You hit the gnoll. You freeze the gnoll.
Your tail-slap misses the gnoll.
The gnoll is moderately wounded.
The gnoll hits you with a +0 halberd. x2
* * * LOW HITPOINT WARNING * * *
You hit the gnoll. You freeze the gnoll. You tail-slap the gnoll.
The gnoll is almost dead.
The gnoll barely misses you.
You barely miss the gnoll.
You tail-slap the gnoll, but do no damage.
The gnoll is almost dead.
The gnoll hits you with a +0 halberd.
* * * LOW HITPOINT WARNING * * *
Unknown command.
You hit the gnoll. You freeze the gnoll.
You kill the gnoll!
The gnoll hits you with a +0 club.
* * * LOW HITPOINT WARNING * * *
Your Fighting skill increases to level 3!
Your Shields skill increases to level 4!
Okay, then.
You hit the gnoll. You freeze the gnoll.
The gnoll is moderately wounded.
The gnoll hits you with a +0 club.
You die...

###### #....#
#....######## #####
#............ ##P...#
#.........$..##
#PP....####..............
.PP.....@g...............
#.#..#####.###...........
# #.PP#.........##
P~~♣#...g.....
..~~~P.........
...♣~~#.......$ ....
.##....... # +.... .. .
##


You could see a gnoll.

Vanquished Creatures
  An adder (D:2)
  2 gnolls (D:2)
  A ball python (D:1)
  2 bats (D:1)
  3 endoplasms
  3 giant cockroaches
  A kobold (D:2)
  3 quokkas
  2 frilled lizards (D:1)
  5 rats
23 creatures vanquished.

Notes
Turn   | Place    | Note
-------+----------+-------------------------------------------
     0 | D:1      | Graphine the Armataur Fighter began the quest for the Orb.
     0 | D:1      | Reached XP level 1. HP: 19/19 MP: 1/1
   395 | D:1      | Reached XP level 2. HP: 24/26 MP: 2/2
   909 | D:2      | Found a basalt altar of Yredelemnul.
  1026 | D:2      | Reached XP level 3. HP: 31/32 MP: 3/3
  1078 | D:2      | Got Ukho's Meditations on Leaden Transfiguration
  1172 | D:2      | HP: 1/32 [gnoll/+0 halberd (6)]
  1174 | D:2      | Slain by a gnoll

Illustrated notes

Levels and vault maps discovered:
D:1:      lemuel_arrival_muddy, layout_basic, chequers_mini_garden
D:2:      layout_basic, serial_bayou, serial_bayou_pond_d,
          serial_bayou_lagoon_a, serial_bayou_pond_d, serial_bayou_shore_b,
          basic_altar, uniq_terence, uniq_crazy_yiuf_cottage

Skill      XL: |  1  2  3 |
---------------+----------+-----
Maces & Flails | 2 |  2.1
Armour         | 4 |  4.3
Fighting       | 3 |  3.0
Shields        | 4 |  4.0

Action                     || total
---------------------------++-------
  Melee: Flail             ||    57
         Tailslap          ||    10
  Throw: Dart              ||     3
    Use: Scroll            ||     3
 Armour: Scale mail        ||    20
  Dodge: Dodged            ||    14
  Block: Buckler           ||    12
